 Dungeon Crawl Stone Soup version 0.26.1-11-gd32895ea62 (webtiles) character file.

Game seed: 14263541539179038469

2844 Zeld the Thrower (level 9, 0/59 HPs)
             Began as an Octopode Fighter on May 17, 2021.
             Was a Believer of Okawaru.
             Slain by a centaur (3 damage)
             ... on level 8 of the Dungeon.
             The game lasted 00:11:45 (10933 turns).

Zeld the Thrower (Octopode Fighter)                Turns: 10933, Time: 00:11:45

Health: 0/59       AC:  3    Str: 18    XL:     9   Next: 74%
Magic:  9/9        EV: 12    Int: 10    God:    Okawaru [**....]
Gold:   748        SH: 14    Dex: 12    Spells: 8/8 levels left

rFire    . . .     SeeInvis .   a - +0 war axe
rCold    . . .     Faith    .   b - +5 kite shield
rNeg     . . .     Spirit   .   g - +2 hat
rPois    .         Reflect  .   d - amulet of the acrobat
rElec    .         Harm     .   (no ring)
rCorr    .         Rampage  .   (no ring)
Will     .....                  (no ring)
Stlth    ++........             (no ring)
HPRegen  0.19/turn              (no ring)
MPRegen  0.11/turn              (no ring)
                                (no ring)
                                (no ring)

@: about to teleport
A: almost no armour, stealthy swim, amphibious, 8 rings, constrict 8, camouflage
1, gelatinous body 1
a: Renounce Religion, Heroism


You were on level 8 of the Dungeon.
You worshipped Okawaru.
Okawaru was pleased with you.
You visited 2 branches of the dungeon, and saw 9 of its levels.
You also visited: Sewer and Ossuary.

You collected 748 gold pieces.

Inventory:

Hand Weapons
 a - a +0 war axe (weapon)
Missiles
 v - 36 poisoned darts (quivered)
 y - 16 boomerangs
Armour
 b - a +5 kite shield (worn)
 g - a +2 hat (worn)
Jewellery
 d - an amulet of the acrobat (around mantle)
Wands
 x - a wand of enslavement (5)
 z - a wand of paralysis (8)
 B - a wand of iceblast (19)
Scrolls
 m - a scroll of acquirement {unknown}
 o - 7 scrolls of amnesia
 q - 3 scrolls of remove curse
 u - 4 scrolls of teleportation
 w - a scroll of magic mapping {unknown}
 C - a scroll of fear {unknown}
 D - a scroll of enchant weapon {unknown}
Potions
 f - 3 potions of brilliance
 h - 2 potions of berserk rage {unknown}
 j - 4 potions of haste {unknown}
 k - 3 potions of lignification {unknown}
 n - 2 potions of curing {unknown}
 p - a potion of magic {unknown}
 r - a potion of mutation {unknown}
 s - 3 potions of ambrosia {unknown}
 t - 6 potions of flight
 A - 3 potions of attraction {unknown}


   Skills:
 - Level 4.6 Fighting
 - Level 4.0 Axes
 * Level 11.3 Throwing
 - Level 3.0 Dodging
 - Level 4.7 Shields


You had 8 spell levels left.
You didn't know any spells.
Your spell library contained the following spells:

 Spells                   Type           Power        Failure   Level
 Confusing Touch          Hex            0%           99%         3
 Gell's Gravitas          Tloc           0%           99%         3
 Petrify                  Tmut/Erth      0%           100%        4
 Metabolic Englaciation   Hex/Ice        0%           100%        5
 Yara's Violent Unravell  Hex/Tmut       0%           100%        5


Dungeon Overview and Level Annotations

Branches:
Dungeon (8/15)             Temple (1/1) D:7           Sewer (visited)
Ossuary (visited)
   Lair: D:8-11

Altars:
Ashenzari
Cheibriados
Dithmenos
Elyvilon
Fedhas
Hepliaklqana
Kikubaaqudgha
Makhleb
Nemelex Xobeh
Okawaru
Qazlal
Ru
Sif Muna
Trog
Uskayaw
Vehumet
Wu Jian
Xom
Yredelemnul
Zin
The Shining One

Annotations:
D:8 Joseph


Innate Abilities, Weirdness & Mutations

You cannot wear most types of armour.
You are very stealthy in the water. (Stealth+)
You are amphibious.
You can wear up to eight rings at the same time.
You can use your tentacles to constrict eight enemies at once.
Your skin changes colour to match your surroundings (Stealth+).
Your rubbery body absorbs attacks. (AC +1, EV +1)


Message History

The hornet zombie hits you!
* * * LOW HITPOINT WARNING * * *
Unknown command.
Okay, then.
Blink to where?
Press: ? - help, Dir - move target
As you read the scroll of blinking, it crumbles to dust.
A centaur comes into view.
Your magical contamination has completely faded away.
As you read the scroll of teleportation, it crumbles to dust.
You feel strangely unstable.
Blink to where?
Press: ? - help, Dir - move target
As you read the scroll of blinking, it crumbles to dust.
Found a scroll of amnesia.
The helpless centaur fails to defend itself.
You slash the centaur!
The centaur is moderately wounded.
The centaur hits you.
You die...

##.# (# ##.#
.# ### ##.#
.. .?# ##.#
#.# ...# #.#
#..##########
#.#
............#
#.#
#######..##.#
#.# #..##.#
#@# #..##.#
#c# #..##.#
#.# #..##.#
#.# #..##.#
#.#
...##.####Z#
..###.#....#
#.#g####
#.#.#


You could see a centaur and a hornet zombie (dazed).

Vanquished Creatures
  Sigmund (D:4)
  A black bear (D:6)
  2 orc warriors (D:7)
  An ice beast (D:6)
  A necrophage (D:7)
  2 ogres
  5 centaurs (D:6)
  3 bullfrogs
  A water moccasin zombie (Ossuary)
  2 killer bees (D:8)
  5 howler monkeys
  A gnoll shaman (D:8)
  2 orc priests
  2 hounds
  5 orc wizards
  3 bullfrog skeletons
  2 merfolk sirens (Sewer)
  A merfolk avatar (Sewer)
  6 worker ants
  A big kobold zombie (Ossuary)
  A hound skeleton (D:4)
  2 mummies (Ossuary)
  7 gnolls
  10 adders
  A river rat (Sewer)
  2 shadow imps
  3 white imps
  An ufetubus (D:7)
  3 oozes
  2 adder zombies
  2 worms
  3 dart slugs
  16 leopard geckos
  23 orcs
  4 bat zombies (D:2)
  9 giant cockroaches
  8 goblins
  5 hobgoblins
  7 jackals
  A quokka (D:4)
  8 ball pythons
  9 bats
  12 frilled lizards
  A gnoll zombie (Ossuary)
  5 hobgoblin zombies (Ossuary)
  2 jackal skeletons (D:6)
  A jackal zombie (D:8)
  3 kobolds
  8 kobold zombies (Ossuary)
  3 leopard gecko zombies
  3 orc zombies (Ossuary)
  A quokka zombie (D:6)
  34 rats
  A rat zombie (D:2)
248 creatures vanquished.

Vanquished Creatures (collateral kills)
  2 killer bees (D:8)
2 creatures vanquished.

Vanquished Creatures (others)
  A killer bee (D:8)
1 creature vanquished.

Grand Total: 251 creatures vanquished

Notes
Turn   | Place    | Note
-------+----------+-------------------------------------------
     0 | D:1      | Zeld the Octopode Fighter began the quest for the Orb.
     0 | D:1      | Reached XP level 1. HP: 16/16 MP: 1/1
   119 | D:1      | Reached XP level 2. HP: 18/21 MP: 2/2
   413 | D:1      | Reached XP level 3. HP: 26/26 MP: 3/3
   797 | D:2      | Found an iron altar of Okawaru.
   801 | D:2      | Became a worshipper of Warmaster Okawaru
  1006 | D:2      | Reached XP level 4. HP: 19/32 MP: 4/4
  1256 | D:2      | Found a burning altar of Makhleb.
  1394 | D:2      | Found a white marble altar of Elyvilon.
  1772 | D:2      | Found an ancient bone altar of Kikubaaqudgha.
  2190 | D:3      | Reached XP level 5. HP: 36/37 MP: 5/5
  2208 | D:3      | Found a bloodstained altar of Trog.
  2508 | D:3      | Found a glowing drain.
  2524 | Sewer    | Entered a sewer
  2806 | Sewer    | Reached XP level 6. HP: 41/44 MP: 6/6
  4091 | D:4      | Reached skill level 1 in Throwing
  4280 | D:4      | Reached skill level 2 in Throwing
  4430 | D:4      | Reached XP level 7. HP: 22/49 MP: 7/7
  4695 | D:4      | Noticed Sigmund
  4697 | D:4      | Killed Sigmund
  4697 | D:4      | Reached * piety under Okawaru
  4698 | D:4      | Reached skill level 4 in Throwing
  5323 | D:3      | Reached skill level 5 in Throwing
  5507 | D:3      | Found a bloodstained altar of Trog.
  5780 | D:5      | Entered Level 5 of the Dungeon
  5804 | D:5      | Reached ** piety under Okawaru
  5954 | D:5      | Reached XP level 8. HP: 54/54 MP: 8/8
  5975 | D:5      | Found a shadowy altar of Dithmenos.
  5999 | D:5      | Reached skill level 6 in Throwing
  6211 | D:5      | Found a shimmering blue altar of Sif Muna.
  6319 | D:5      | Found a hazy altar of Hepliaklqana.
  6663 | D:6      | Reached skill level 7 in Throwing
  6910 | D:6      | Reached skill level 8 in Throwing
  6929 | D:6      | Found a sand-covered staircase.
  7000 | Ossuary  | Entered an ossuary
  7345 | D:6      | Reached skill level 9 in Throwing
  7439 | D:6      | Found a stormy altar of Qazlal.
  7601 | D:6      | Reached XP level 9. HP: 15/59 MP: 9/9
  7943 | D:6      | Found a broken altar of Ashenzari.
  8353 | D:7      | Reached skill level 10 in Throwing
  8516 | D:7      | Found a staircase to the Ecumenical Temple.
  8533 | Temple   | Entered the Ecumenical Temple
  9432 | D:7      | Found a radiant altar of Vehumet.
  9699 | D:8      | Found a sacrificial altar of Ru.
  9730 | D:8      | Noticed Joseph
  9876 | D:8      | Reached skill level 11 in Throwing
 10839 | D:8      | Found a glowing silver altar of Zin.
 10929 | D:8      | HP: 2/59 [hornet zombie (9)]
 10933 | D:8      | Slain by a centaur

Illustrated notes

Levels and vault maps discovered:
D:1:      heliophobic_arrival_enchanted_forest, layout_rooms, chequers_jeans,
          minmay_surrounded
D:2:      layout_loops_ring, okawaru_metal_pillars_1_2, general_overflow_altar,
          lemuel_zombie_altar_kikubaaqudgha, mrwooster_statue_mirror,
          makhleb_heckhound_becter
D:3:      layout_basic, old_standard_altar, portal_sewer_entry_f
D:4:      layout_basic, uniq_sigmund
D:5:      layout_cave_pools, nicolae_overflow_hidden_temple,
          nzn_hepliaklqana_mist_gate, nicolae_dithmenos_through_a_glass_darkly
D:6:      layout_loops_corners, cheibrodos_ashenzari_chains,
          lemuel_doored_altar, enter_ossuary_5
D:7:      layout_gridville, kennysheep_little_box, minmay_temple_entry_slanted
D:8:      layout_loops_ring, kennysheep_mini_moat, nicolae_ru_awakened_eye,
          uniq_joseph
Temple:   nicolae_temple_figure_zero

Skill      XL: |  1  2  3  4  5  6  7  8  9 |
---------------+----------------------------+-----
Axes           | 3 4 |  4.0
Fighting       | 4 |  4.6
Shields        | 4 |  4.7
Throwing       | 2 5 9 11 | 11.3
Dodging        | |  3.0

Action                   |  1- 3 |  4- 6 |  7- 9 || total
-------------------------+-------+-------+-------++-------
Melee: War axe           |    64 |   191 |   264 ||   519
       Constrict         |    18 |    47 |    67 ||   132
       Tentacles         |    11 |    37 |    72 ||   120
Throw: Dart              |       |       |     8 ||     8
Invok: Heroism           |       |       |     1 ||     1
Evoke: Wand              |       |       |     3 ||     3
  Use: Scroll            |       |     1 |    17 ||    18
       Potion            |       |     1 |     3 ||     4
 Stab: Sleeping          |     4 |    21 |     9 ||    34
Armor: Skin              |    17 |    15 |    16 ||    48
Dodge: Dodged            |    36 |    74 |   133 ||   243
Block: Kite shield       |    41 |    80 |   185 ||   306
